 Dungeon Crawl Stone Soup version 0.26.0-15-gc6cd9f7 (webtiles) character file.

Game seed: 1472251852553807051

76 bonscott the Grasshopper (level 4, -1/33 HPs)
             Began as a Vampire Warper on Jan 24, 2021.
             Slain by an orc wizard
             ... wielding a +0 dagger
              (3 damage)
             ... on level 3 of the Dungeon.
             The game lasted 00:07:20 (1443 turns).

bonscott the Grasshopper (Vampire Warper)           Turns: 1443, Time: 00:07:20

Health: -1/33      AC:  3    Str: 11    XL:     4   Next: 12%
Magic:  7/7        EV: 12    Int: 15    God:
Gold:   100        SH:  0    Dex: 13    Spells: 5/7 levels left

rFire    . . .     SeeInvis +   a - +0 falchion
rCold    . . .     Faith    .   (no shield)
rNeg     . . .     Spirit   .   b - +0 leather armour
rPois    .         Reflect  .   (no helmet)
rElec    .         Harm     .   (no cloak)
rCorr    .         Rampage  .   (no gloves)
Will     .....                  (no boots)
Stlth    ++........             (no amulet)
HPRegen  0.31/turn              (no ring)
MPRegen  0.10/turn              (no ring)

@: regenerating quickly
A: fangs 3, see invisible, unbreathing
a: Exsanguinate


You were on level 3 of the Dungeon.
You visited 1 branch of the dungeon, and saw 3 of its levels.

You collected 100 gold pieces.

Inventory:

Hand Weapons
 a - a +0 falchion (weapon)
 j - a +0 short sword of draining
 k - a +1 vampiric short sword
Missiles
 c - a throwing net
 e - 5 boomerangs of dispersal (quivered)
 h - 17 poisoned darts
 p - 13 arrows
 r - 3 boomerangs
 F - 97 stones
Armour
 b - a +0 leather armour (worn)
Wands
 s - a wand of iceblast (11)
Scrolls
 d - a scroll of blinking
 f - 2 scrolls of magic mapping
 i - a scroll of identify {unknown}
 l - a scroll of fear {unknown}
 n - a scroll of remove curse {unknown}
 o - a scroll of teleportation {unknown}
Potions
 g - a potion of mutation {unknown}
 m - a potion of curing {unknown}
 q - a potion of resistance {unknown}


   Skills:
 + Level 2.1 Fighting
 + Level 2.4 Long Blades
 + Level 1.1 Throwing
 + Level 1.2 Armour
 + Level 2.6 Dodging
 + Level 1.6 Stealth
 + Level 2.3 Spellcasting
 + Level 2.7 Translocations


You had 5 spell levels left.
You knew the following spells:

 Your Spells              Type           Power        Failure   Level
q - Blink                 Tloc           N/A          14%         2

Your spell library contained the following spells:

 Spells                   Type           Power        Failure   Level
 Gell's Gravitas          Tloc           4%           28%         3
 Lesser Beckoning         Tloc           4%           28%         3
 Teleport Other           Tloc           9%           28%         3
 Passage of Golubria      Tloc           N/A          67%         4


Dungeon Overview and Level Annotations

Branches:
Dungeon (3/15)

Altars:


Innate Abilities, Weirdness & Mutations

Your natural rate of healing is unusually fast.
You have razor-sharp teeth.
You have supernaturally acute eyesight. (SInv)
You can survive without breathing.


Message History

The magic dart hits you.
* * * LOW HITPOINT WARNING * * *
The bat closely misses you. The bat misses you.
The bat hits you but does no damage.
You are too injured to fight recklessly!
The bat hits you but does no damage.
The orc wizard miscasts a cantrip.
The bat hits you.
* * * LOW HITPOINT WARNING * * *
Things that are here:
a +0 club; an orc corpse The bat closely misses you.
The orc wizard closely misses you. The bat hits you but does no damage.
There is a stone staircase leading up here.
The orc wizard casts a spell at you. The magic dart hits you!
* * * LOW HITPOINT WARNING * * *
The orc wizard hits you with a +0 dagger.
You die...

#...^.............#
#...............#..
#...............##.
##.............o...
##.....#.....###..
#####.#..#### ##>
#.##.# ##
#######..#o# #
#.@.b....#b##
#..o.....#..##
#........)#..# ###
#.......#....##...#
######..####.......
#.............
##...#........
##...........
######......


You could see an orc wizard (fast) and a bat.

Vanquished Creatures
  3 adders (D:2)
  2 worms (D:2)
  A dart slug (D:1)
  2 leopard geckos (D:1)
  An orc (D:3)
  A giant cockroach (D:1)
  2 goblins
  4 hobgoblins
  6 jackals (D:1)
  4 kobolds
  4 bats (D:1)
  2 frilled lizards (D:1)
  6 rats (D:1)
38 creatures vanquished.

Notes
Turn   | Place    | Note
-------+----------+-------------------------------------------
     0 | D:1      | bonscott the Vampire Warper began the quest for the Orb.
     0 | D:1      | Reached XP level 1. HP: 16/16 MP: 3/3
   227 | D:1      | Reached skill level 1 in Armour
   233 | D:1      | Reached XP level 2. HP: 22/22 MP: 5/5
   480 | D:1      | Reached skill level 1 in Throwing
   482 | D:1      | Reached skill level 1 in Stealth
   561 | D:1      | Reached XP level 3. HP: 22/27 MP: 6/6
   591 | D:1      | You fall into a shaft and drop 1 floor!
  1082 | D:2      | Reached XP level 4. HP: 32/33 MP: 7/7
  1158 | D:2      | Learned a level 2 spell: Blink
  1443 | D:3      | Slain by an orc wizard

Illustrated notes

Levels and vault maps discovered:
D:1:      shiori_shiawase, layout_basic
D:2:      layout_basic
D:3:      layout_rooms, fedhas_altar_2

Skill      XL: |  1  2 |
---------------+-------+-----
Armour         | 1 |  1.2
Throwing       | 1 |  1.1
Stealth        | 1 |  1.6
Fighting       | 2 |  2.1
Long Blades    | |  2.4
Dodging        | |  2.6
Spellcasting   | |  2.3
Translocations | |  2.7

Action                   |  1- 3 |  4- 6 || total
-------------------------+-------+-------++-------
Melee: Falchion          |   102 |     8 ||   110
       Bite              |     9 |     1 ||    10
Throw: Dart              |    16 |     6 ||    22
       Stone             |    15 |     3 ||    18
  Use: Scroll            |       |     1 ||     1
 Stab: Sleeping          |     2 |       ||     2
Armor: Leather armour    |    27 |     6 ||    33
Dodge: Dodged            |    58 |    13 ||    71
       Rpst.: Falchion   |    11 |     2 ||    13
